 Dungeon Crawl Stone Soup version 0.31.0-11-ge490571c62 (webtiles) character file.

Game seed: 17099014797497005490

65 qw the Shooter (level 3, -6/20 HPs)
             Began as a Deep Elf Hunter on Feb 4, 2024.
             Mangled by a gnoll sergeant
             ... wielding a +5 antimagic trident
              (8 damage)
             ... on level 3 of the Dungeon.
             The game lasted 00:00:03 (1257 turns).

qw the Shooter (Deep Elf Hunter)                    Turns: 1257, Time: 00:00:04

Health: -6/20      AC:  3    Str: 10    XL:     3   Next: 94%
Magic:  1/5        EV: 12    Int: 13    God:
Gold:   80         SH:  0    Dex: 18    Spells: 2/2 levels left

rFire   . . .        a - +0 shortbow
rCold   . . .        (shield currently unavailable)
rNeg    . . .        c - +0 leather armour
rPois   .            (no helmet)
rElec   .            (no cloak)
rCorr   .            (no gloves)
SInv    .            (no boots)
Will    .....        (no amulet)
Stlth   ++           (no ring)
HPRegen 0.23/turn    (no ring)
MPRegen 0.09/turn

%: no passive effects
@: no status effects
A: no striking features
a: no special abilities


You were on level 3 of the Dungeon.
You visited 1 branch of the dungeon, and saw 3 of its levels.

You collected 80 gold pieces.


   Skills:
 - Level 1.5 Fighting
 + Level 7.4 Ranged Weapons
 - Level 2.4 Dodging
 - Level 1.2 Stealth


You had 2 spell levels left.
You didn't know any spells.
Your spell library was empty.

Inventory:

Hand Weapons
 a - a +0 shortbow (weapon)
Armour
 c - a +0 leather armour (worn)
 g - a +0 scale mail
Jewellery
 e - a ring of fire
Scrolls
 b - a scroll of teleportation {unknown}
Potions
 d - a potion of curing
 f - a potion of lignification {unknown}
 i - a potion of brilliance {unknown}

Dungeon Overview and Level Annotations

Branches:
Dungeon (3/15)

Altars:

Shops:
D:3 =


Message History

The endoplasm freezes you.
You are frozen.
You shoot an arrow. The arrow hits the endoplasm.
You kill the endoplasm!
You start resting.
HP restored.
Found a chain mail.
A hobgoblin comes into view.
The hobgoblin shouts!
You hear a shout! x4
A goblin comes into view. It is wielding a +0 dagger.
A gnoll sergeant comes into view. It is wielding a +5 antimagic trident.
You shoot an arrow. The goblin shouts!
The arrow hits the hobgoblin!
You kill the hobgoblin!
You hear a shout! x3
A goblin comes into view. It is wielding a +0 club.
You shoot an arrow.
The arrow hits the gnoll sergeant but does no damage.
A hobgoblin comes into view.
You shoot an arrow.
The arrow completely misses the gnoll sergeant.
A gnoll comes into view. It is wielding a +0 whip of flaming.
Enter note:
Enter note:
1252 ||| RETREEEEATING.
A gnoll comes into view. It is wielding a +0 spear.
1254 ||| RETREEEEATING.
You shoot an arrow. The gnoll sergeant blocks the arrow.
The gnoll sergeant hits you from afar with a +5 antimagic trident.
You feel your power leaking away.
You shoot an arrow.
The arrow hits the gnoll sergeant but does no damage.
The gnoll sergeant hits you from afar with a +5 antimagic trident!
Ouch! That really hurt!
You feel your power leaking away.
You shoot an arrow. The arrow hits the gnoll sergeant.
The gnoll sergeant is lightly wounded.
The gnoll sergeant hits you from afar with a +5 antimagic trident!
You die...

#.#'########
#...........
#....#######
#.##.......#
#.########.##
#.# #........
#.# #........
##########.#
#........
#[...@.....#
#........
###g########
#.......# #.
#.......# #g
#.......# #g
#.......# #.
######### #g
.g


You could see a gnoll sergeant.

Vanquished Creatures
  Terence (D:3)
  A gnoll (D:1)
  2 dart slugs
  3 endoplasms
  A giant cockroach (D:1)
  3 hobgoblins (D:3)
  3 jackals (D:1)
  A ball python (D:2)
  2 bats
  4 frilled lizards
  2 goblins
  2 kobolds
  2 rats
27 creatures vanquished.

Notes
Turn   | Place    | Note
-------+----------+-------------------------------------------
     0 | D:1      | qw the Deep Elf Hunter began the quest for the Orb.
     0 | D:1      | Reached XP level 1. HP: 12/12 MP: 3/3
     0 | D:1      | 0 ||| qw: Version: 0.3-a-160-g6735b56
     0 | D:1      | 0 ||| qw: Game counter: 5279
     0 | D:1      | 0 ||| qw: Melee chars always use a shield: true
     0 | D:1      | 0 ||| qw: God list: Okawaru
     0 | D:1      | 0 ||| qw: Allow faded altars: false
     0 | D:1      | 0 ||| qw: Do Orc after clearing Dungeon:15 true
     0 | D:1      | 0 ||| qw: Do second Lair branch before Depths: true
     0 | D:1      | 0 ||| qw: Lair rune preference: random
     0 | D:1      | 0 ||| qw: Goals: Normal
     0 | D:1      | 0 ||| PLANNING D:1-11
   188 | D:1      | Reached skill level 6 in Ranged Weapons
   188 | D:1      | Reached XP level 2. HP: 16/16 MP: 4/4
   443 | D:1      | HP: 1/16 [gnoll/+4 flail (15)]
   848 | D:1      | 848 ||| READING scroll labelled ILIMUM XEPNI.
   848 | D:1      | 848 ||| IDENTIFYING brown potion
   849 | D:1      | 849 ||| READING scroll labelled EGURUFUXKU.
   850 | D:1      | 850 ||| DRINKING 2 metallic ruby potions.
   851 | D:1      | 851 ||| DROPPING scroll of butterflies.
   852 | D:1      | 852 ||| DROPPING potion of degeneration.
   942 | D:2      | 942 ||| FLEEEEING.
   943 | D:2      | 943 ||| FLEEEEING.
   945 | D:2      | 945 ||| FLEEEEING.
   946 | D:2      | 946 ||| FLEEEEING.
   948 | D:2      | 948 ||| FLEEEEING.
  1022 | D:2      | Reached XP level 3. HP: 20/20 MP: 5/5
  1088 | D:2      | You fall into a shaft and drop 1 floor!
  1119 | D:3      | Found Lofip's Jewellery Emporium.
  1130 | D:3      | 1130 ||| SHOPLISTING amulet of Ipegomuxt {Faith Rampage
                  | Str+4 Dex-4} (564 gold, have 68).
  1130 | D:3      | 1130 ||| SHOPLISTING amulet of reflection (360 gold, have
                  | 68).
  1130 | D:3      | 1130 ||| SHOPLISTING ring "Oceo" {Fly rPois} (349 gold,
                  | have 68).
  1130 | D:3      | 1130 ||| SHOPLISTING ring of Biahik {rPois rC++} (534 gold,
                  | have 68).
  1130 | D:3      | 1130 ||| SHOPLISTING ring of poison resistance (240 gold,
                  | have 68).
  1130 | D:3      | 1130 ||| SHOPLISTING ring of protection from fire (300
                  | gold, have 68).
  1130 | D:3      | 1130 ||| SHOPLISTING ring of see invisible (180 gold, have
                  | 68).
  1173 | D:3      | Noticed Terence
  1181 | D:3      | Killed Terence
  1182 | D:3      | Reached skill level 7 in Ranged Weapons
  1248 | D:3      | Noticed a gnoll sergeant
  1252 | D:3      | 1252 ||| RETREEEEATING.
  1254 | D:3      | 1254 ||| RETREEEEATING.
  1256 | D:3      | HP: 2/20 [gnoll sergeant/+5 antimagic trident (14)]
  1257 | D:3      | Mangled by a gnoll sergeant

Levels and vault maps discovered:
D:1:      dpeg_arrival_snail, layout_basic
D:2:      layout_basic, basic_altar
D:3:      layout_basic, serial_shops, shop, uniq_terence, uniq_robin

Skill      XL: |  1  2  3 |
---------------+----------+-----
Ranged Weapons | 6 7 |  7.4
Fighting       | |  1.5
Dodging        | |  2.4
Stealth        | |  1.2

Action                     || total
---------------------------++-------
   Fire: Shortbow          ||    86
    Use: Scroll            ||     2
         Potion            ||     1
 Armour: Leather armour    ||    17
  Dodge: Dodged            ||    10

Table legend:
 A = Non-vault XP
 B = Vault XP
 C = Vault XP percentage of total XP
 D = Non-vault monster count
 E = Vault monster count
 F = Vault count percentage of total count
                 A         B        C        D         E       F
            +---------+---------+-------+---------+---------+-------
      Total |      56 |      38 |  40.4 |      25 |       2 |   7.4
            +---------+---------+-------+---------+---------+-------
        D:1 |      33 |       0 |   0.0 |      12 |       0 |   0.0
        D:2 |      11 |       0 |   0.0 |       6 |       0 |   0.0
        D:3 |      12 |      38 |  76.0 |       7 |       2 |  22.2
            +---------+---------+-------+---------+---------+-------
